 Dungeon Crawl Stone Soup version 0.18-a0-1014-g3bbf375 (webtiles) character file.

23 coffecat the Ducker (level 2, 0/13 HPs)
             Began as a Spriggan Conjurer on Jan 6, 2016.
             Slain by a worm (3 damage)
             ... on level 2 of the Dungeon.
             The game lasted 00:03:26 (1128 turns).

coffecat the Ducker (Spriggan Conjurer)             Turns: 1128, Time: 00:03:26

Health: 0/13       AC:  2    Str:  4    XL:     2   Next: 72%
Magic:  1/7        EV: 18    Int: 16    God:
Gold:   23         SH:  0    Dex: 16    Spells: 1 memorised, 6 levels left

rFire  . . .     SeeInvis +     e - +1 short sword (speed)
rCold  . . .     Gourm    .     a - +0 robe
rNeg   . . .     Faith    .     (shield restricted)
rPois  .         Spirit   .     (helmet restricted)
rElec  .         Dismiss  .     (no cloak)
rCorr  .         Reflect  .     (gloves unavailable)
SustAt .         Harm     .     (boots unavailable)
MR     .....                    (no amulet)
Stlth  +++.......               (no ring)
                                (no ring)

@: very slightly contaminated, very quick, not resistant to hostile
enchantments, fairly stealthy
A: unfitting armour, see invisible, herbivore 3, speed 3, slow metabolism 2
a: no special abilities


You were on level 2 of the Dungeon.
You were not hungry.

You visited 1 branch of the dungeon, and saw 2 of its levels.

You collected 23 gold pieces.

Inventory:

Hand Weapons
 e - a +1 short sword of speed (weapon)
Armour
 a - a +0 robe (worn)
Jewellery
 i - an uncursed ring of see invisible {unknown}
Scrolls
 f - 2 scrolls of fog {unknown}
 h - a scroll of fear {unknown}
 j - 3 scrolls of identify {unknown}
 l - a scroll of enchant weapon {unknown}
 q - a scroll of teleportation {unknown}
Potions
 d - a potion of agility {unknown}
 g - 2 potions of lignification {unknown}
 k - 3 potions of curing {unknown}
 n - a potion of heal wounds {unknown}
 p - a potion of cancellation {unknown}
Books
 b - a book of Conjurations

   Spells                             Type                      Level
   a - Magic Dart                     Conjuration                  1
   b - Searing Ray                    Conjuration                  2
   c - Dazzling Spray                 Conjuration/Hexes            3
   d - Fulminant Prism                Conjuration/Hexes            4
   e - Iskenderun's Mystic Blast      Conjuration                  4
   f - Iskenderun's Battlesphere      Conjuration/Charms           5
Comestibles
 c - a bread ration
 m - a slice of pizza
 o - 4 fruits


   Skills:
 + Level 3.3 Dodging
 + Level 3.2 Stealth
 * Level 3.1 Spellcasting
 + Level 3.3 Conjurations


You had 6 spell levels left.
You knew the following spells:

 Your Spells              Type           Power        Failure   Level  Hunger
a - Magic Dart            Conj           ##..         6%          1    None


Dungeon Overview and Level Annotations

Branches:
Dungeon (2/15)

Altars:


Innate Abilities, Weirdness & Mutations

You are tiny and cannot use many weapons and most armour.
You have supernaturally acute eyesight.
You are a herbivore.
You cover ground extremely quickly.
You need consume almost no food.


Message History

Press: ? - help, Shift-Dir - straight line, f/p - worm
Aim: a worm (moderately wounded)
The magic dart hits the worm.
The worm is heavily wounded.
The worm closely misses you.
You barely miss the worm.
The worm is moderately wounded.
You hit the worm but do no damage.
The worm is moderately wounded.
You hit the worm.
The worm is severely wounded.
The worm bites you!
Ouch! That really hurt!
* * * LOW HITPOINT WARNING * * *
You hit the worm.
The worm is almost dead.
You hit the worm but do no damage.
The worm is almost dead.
The worm bites you.
You die...

#.# #.## # ... # #.
#.# ..
..###.####.#####..#
..................#
.#####.##.####...##
#.##.###...?.#
#.##..@w......
##.######.....#
#..# ...## #.## .##
#.# #
#<#.###.#######
...............
#######.#######
#.##...


You could see a worm.

Vanquished Creatures
  An ooze (D:1)
  A giant gecko (D:1)
  2 giant cockroaches
  A hobgoblin (D:1)
  2 quokkas (D:2)
  A ball python (D:1)
  3 bats
  2 giant newts (D:1)
  3 kobolds (D:1)
  2 rats (D:1)
18 creatures vanquished.

Notes
Turn   | Place    | Note
--------------------------------------------------------------
     0 | D:1      | coffecat the Spriggan Conjurer began the quest for the Orb.
     0 | D:1      | Reached XP level 1. HP: 9/9 MP: 5/5
   221 | D:1      | Reached XP level 2. HP: 13/13 MP: 1/6
  1128 | D:2      | Slain by a worm

Vault maps used:
D:1:      ncdulo_halloftheorcs, kennysheep_flooded_box

Action                   || total
-------------------------++-------
Melee: Short sword       ||    14
 Cast: Magic Dart        ||    37
